Map: Ever Dream LE

Players

TLHarstem (Harstem)

  • Race: Protoss Protoss
  • League: Master
  • Spawn Location: 7:00

LiquidClem (Clem) - Winner!

  • Race: Terran Terran
  • League: Grandmaster
  • Spawn Location: 1:00

Event: DreamHack SC2 Masters 2020 Fall

VOD

Have the link to the VOD?

Description

Time

  • Played on: Aug. 26, 2020, 3:12 p.m.
  • Length: 5:38

All games in this series

Show
View Real Time Build Order
Export as new Build Order

TLHarstem Protoss 

Build Orders: 1 Gate Expand 

Get SALT Encoding   

  12  0:01  Probe  
  13  0:13  Probe  
  14  0:17  Pylon  
  14  0:25  Probe (Chrono Boost)  
  15  0:37  Gateway, Probe (Chrono Boost)  
  16  0:46  Probe (Chrono Boost)  
  16  0:47  Assimilator  
  17  0:51  Probe  
  18  1:03  Probe  
  19  1:15  Probe  
  20  1:24  Cybernetics Core  
  20  1:31  Nexus  
  20  1:38  Pylon  
  20  1:41  Probe  
  20  1:46  Assimilator  
  21  1:53  Probe  
  22  1:58  Adept (Chrono Boost)  
  24  2:01  Warp Gate  
  24  2:05  Probe  
  25  2:17  Probe (Chrono Boost)  
  25  2:20  Adept  
  28  2:29  Probe (Chrono Boost)  
  29  2:31  Twilight Council  
  29  2:34  Probe (Chrono Boost)  
  30  2:42  Robotics Facility  
  30  2:43  Probe x2  
  32  2:55  Probe  
  32  2:56  Probe  
  34  2:59  Gateway  
  34  3:08  Gateway  
  34  3:09  Adept  
  34  3:12  Probe  
  37  3:22  Probe, Charge (Chrono Boost)  
  37  3:23  Gateway  
  38  3:30  Probe  
  38  3:34  Warp Prism (Chrono Boost)  
  41  3:45  Pylon, Probe  
  42  3:49  Cybernetics Core  
  42  3:56  Stalker  
  42  4:02  Stalker  
  41  4:03  Probe  
  41  4:07  Probe  
  39  4:15  Probe  
  38  4:25  Zealot x4  
  47  4:34  Pylon  
  46  4:45  Zealot x3  
  50  4:55  Zealot  
  52  5:08  Zealot x2  
  52  5:14  Zealot  
  50  5:21  Probe  
  49  5:29  Zealot x2  
Show
View Real Time Build Order
Export as new Build Order

LiquidClem Terran - Winner!

Build Orders:  

Get SALT Encoding   

  12  0:00  SCV  
  13  0:12  SCV  
  14  0:17  Supply Depot  
  14  0:24  SCV  
  15  0:38  SCV  
  15  0:41  Barracks  
  16  0:42  Refinery  
  16  0:50  SCV  
  17  1:02  SCV  
  18  1:15  SCV  
  19  1:27  Orbital Command  
  19  1:28  Marine  
  20  1:39  Command Center  
  20  1:49  Factory  
  20  1:54  SCV  
  21  2:02  Barracks Reactor  
  21  2:06  SCV  
  21  2:08  Supply Depot  
  22  2:16  Refinery  
  22  2:18  SCV  
  23  2:30  SCV  
  24  2:38  Starport  
  24  2:42  Hellion x2  
  24  2:44  SCV  
  29  2:51  Orbital Command  
  29  2:56  SCV  
  30  3:05  Hellion x2  
  34  3:07  Barracks Tech Lab  
  34  3:14  Medivac  
  34  3:16  SCV  
  34  3:17  SCV  
  38  3:21  Supply Depot  
  38  3:30  SCV x2  
  38  3:33  Cyclone  
  43  3:34  Marine  
  43  3:36  Marine  
  43  3:41  Supply Depot  
  45  3:43  SCV  
  45  3:46  SCV  
  47  3:52  Marine  
  47  3:54  Marine  
  47  3:55  SCV  
  50  4:03  Engineering Bay, SCV  
  50  4:05  Siege Tank  
  50  4:10  SCV, Marine  
  50  4:16  SCV  
  53  4:18  Marine  
  53  4:23  Command Center  
  54  4:25  SCV  
  55  4:33  SCV  
  55  4:34  Missile Turret  
  55  4:37  SCV, Marine x2  
  59  4:44  Supply Depot  
  60  4:49  Siege Tank  
  60  4:53  SCV  
  60  4:55  Marine  
  62  5:06  Viking, Marine  
  65  5:09  SCV  
  65  5:13  Marine  
  65  5:17  SCV  

Tags
 
Add a new tag
Caveats
  • Supply blocks, unpowered buildings, or Contaminate may cause inaccurate times.
  • Supply counts are checked every 10 seconds.